TOP OF THE 1ST |
Tri-City ValleyCats batting - Pitching for Idaho Falls Chukars : LHP Shinkichi Kawase
|
Pitching: LHP Shinkichi Kawase
|
|
Batting: RHB Xavier Castaneda
|
0-0: Ball 1-0: Called Strike 1-1: Ball 2-1: Ball 3-1: Swinging Strike 3-2: Foul Ball, location: 2F 3-2: Foul Ball, location: 2F 3-2: Strikes out swinging
|
Batting: RHB Drew Coleman
|
0-0: Called Strike 0-1: Ball 1-1: DOUBLE (Line Drive, 7LM, EV 91.9 MPH)
|
Batting: LHB Bruce Arvizu
|
0-0: Ball 1-0: Ball 2-0: SINGLE (Line Drive, 6M, EV 95.0 MPH) Drew Coleman to third
|
Batting: SHB Tanner Bernstein
|
0-0: Swinging Strike Passed Ball! Drew Coleman scores Bruce Arvizu to second 0-1: Foul Ball, location: 2F 0-2: Strikes out looking
|
Batting: RHB Steve Moore
|
0-0: Ball 1-0: Ball 2-0: Ground out 4-3 (Groundball, 4, EV 84.4 MPH)
|
Top of the 1st over - 1 run, 2 hits, 0 errors, 1 left on base; Tri-City 1 - Idaho Falls 0 |
BOTTOM OF THE 1ST |
Idaho Falls Chukars batting - Pitching for Tri-City ValleyCats : RHP Mike Wirick
|
Pitching: RHP Mike Wirick
|
|
Batting: RHB Brett Steele
|
0-0: Called Strike 0-1: Called Strike 0-2: Ball 1-2: Ball 2-2: Foul Ball, location: 2F 2-2: Ball 3-2: Foul Ball, location: 2F 3-2: Base on Balls
|
Batting: SHB Darius Vinson
|
0-0: Ball Brett Steele steals 2nd, throwing error, E2 Brett Steele to third 1-0: Ball 2-0: SINGLE (Groundball, 4MD, EV 103.1 MPH) Brett Steele scores
|
Batting: RHB Chang-keun Baik
|
0-0: Foul Ball, location: 2F 0-1: Ball 1-1: Ball 2-1: Ball 3-1: Foul Ball, location: 2F 3-2: Strikes out swinging
|
Batting: LHB Corey Lewis
|
0-0: 2-RUN HOME RUN (Flyball, 89XD, EV 102.5 MPH), Distance : 394 ft
|
Batting: LHB Edgar Ortiz
|
0-0: Called Strike 0-1: Called Strike 0-2: Strikes out looking
|
Batting: RHB Jose Lozano
|
0-0: Ball 1-0: Fly out, F9 (Flyball, 9D, EV 99.4 MPH)
|
Bottom of the 1st over - 3 runs, 2 hits, 1 error, 0 left on base; Tri-City 1 - Idaho Falls 3 |
TOP OF THE 2ND |
Tri-City ValleyCats batting - Pitching for Idaho Falls Chukars : LHP Shinkichi Kawase
|
Batting: LHB Mark Dearth
|
0-0: Ball 1-0: Ball 2-0: Foul Ball, location: 2F 2-1: Called Strike 2-2: Foul Ball, location: 2F 2-2: Ball 3-2: Foul Ball, location: 2F 3-2: Base on Balls
|
Batting: RHB Nate Britton
|
0-0: Foul Ball, location: 2F 0-1: Foul Ball, location: 2F 0-2: Strikes out swinging
|
Batting: RHB J.R. Roberts
|
0-0: Ball 1-0: Fielders Choice at 2nd, 4-6 (Groundball, 34S, EV 89.4 MPH)
|
Batting: RHB To-wai Chen
|
0-0: Ball Pickoff Throw to First - Out! 1-3
|
Top of the 2nd over - 0 runs, 0 hits, 0 errors, 0 left on base; Tri-City 1 - Idaho Falls 3 |
BOTTOM OF THE 2ND |
Idaho Falls Chukars batting - Pitching for Tri-City ValleyCats : RHP Mike Wirick
|
Batting: RHB Nate Mumaw
|
0-0: Ball 1-0: Swinging Strike 1-1: Ground out 5-3 (Groundball, 56, EV 106.2 MPH)
|
Batting: SHB Danny Ballenger
|
0-0: Called Strike 0-1: Ball 1-1: Swinging Strike 1-2: Foul Ball, location: 2F 1-2: Strikes out swinging
|
Batting: RHB Adam Krieger
|
0-0: Ball 1-0: Ball 2-0: Foul Ball, location: 2F 2-1: Ball 3-1: Called Strike 3-2: Fly out, F8 (Line Drive, 8LM, EV 90.6 MPH)
|
Bottom of the 2nd over - 0 runs, 0 hits, 0 errors, 0 left on base; Tri-City 1 - Idaho Falls 3 |
TOP OF THE 3RD |
Tri-City ValleyCats batting - Pitching for Idaho Falls Chukars : LHP Shinkichi Kawase
|
Batting: RHB To-wai Chen
|
0-0: Ball 1-0: Ground out 6-3 (Groundball, 6, EV 111.9 MPH)
|
Batting: RHB Xavier Castaneda
|
0-0: Swinging Strike 0-1: Swinging Strike 0-2: Ball 1-2: Strikes out swinging
|
Batting: RHB Drew Coleman
|
0-0: Called Strike 0-1: Ball 1-1: Ball 2-1: Ground out 3-1 (Groundball, 34, EV 91.2 MPH)
|
Top of the 3rd over - 0 runs, 0 hits, 0 errors, 0 left on base; Tri-City 1 - Idaho Falls 3 |
BOTTOM OF THE 3RD |
Idaho Falls Chukars batting - Pitching for Tri-City ValleyCats : RHP Mike Wirick
|
Batting: RHB Brett Steele
|
0-0: Ground out 4-3 (Groundball, 4, EV 86.2 MPH)
|
Batting: SHB Darius Vinson
|
0-0: Called Strike 0-1: Ball 1-1: Ground out 4-3 (Groundball, 4, EV 84.4 MPH)
|
Batting: RHB Chang-keun Baik
|
0-0: Called Strike 0-1: Ball 1-1: Swinging Strike 1-2: Strikes out swinging
|
Bottom of the 3rd over - 0 runs, 0 hits, 0 errors, 0 left on base; Tri-City 1 - Idaho Falls 3 |
TOP OF THE 4TH |
Tri-City ValleyCats batting - Pitching for Idaho Falls Chukars : LHP Shinkichi Kawase
|
Pitching: RHP Kolenka Leschenya
|
|
Batting: LHB Bruce Arvizu
|
0-0: Ball 1-0: Ground out 3-1 (Groundball, 34, EV 82.5 MPH)
|
Batting: SHB Tanner Bernstein
|
0-0: Called Strike 0-1: Ball 1-1: Ball 2-1: Foul Ball, location: 2F 2-2: Strikes out looking
|
Batting: RHB Steve Moore
|
0-0: Ball 1-0: Called Strike 1-1: Ball 2-1: Foul Ball, location: 2F 2-2: Fly out, F8 (Flyball, 78D, EV 108.8 MPH)
|
Top of the 4th over - 0 runs, 0 hits, 0 errors, 0 left on base; Tri-City 1 - Idaho Falls 3 |
BOTTOM OF THE 4TH |
Idaho Falls Chukars batting - Pitching for Tri-City ValleyCats : RHP Mike Wirick
|
Batting: LHB Corey Lewis
|
0-0: Ball 1-0: Ball 2-0: Foul Ball, location: 2F 2-1: Foul Ball, location: 2F 2-2: Ground out U3 (Groundball, 34, EV 86.2 MPH)
|
Pitching: RHP Mario del Rio
|
|
Batting: LHB Edgar Ortiz
|
0-0: Called Strike 0-1: Ball 1-1: Ground out 4-3 (Groundball, 4M, EV 106.2 MPH)
|
Batting: RHB Jose Lozano
|
0-0: Ball 1-0: Called Strike 1-1: SINGLE (Line Drive, 89M, EV 87.5 MPH)
|
Batting: RHB Nate Mumaw
|
0-0: Ball 1-0: Ball 2-0: Called Strike 2-1: Called Strike 2-2: Ball 3-2: Foul Ball, location: 2F 3-2: Fly out, F9 (Flyball, 9LSF, EV 86.2 MPH)
|
Bottom of the 4th over - 0 runs, 1 hit, 0 errors, 1 left on base; Tri-City 1 - Idaho Falls 3 |
TOP OF THE 5TH |
Tri-City ValleyCats batting - Pitching for Idaho Falls Chukars : RHP Kolenka Leschenya
|
Batting: LHB Mark Dearth
|
0-0: Ball 1-0: Foul Ball, location: 2F 1-1: Called Strike 1-2: Ball 2-2: Strikes out swinging
|
Batting: RHB Nate Britton
|
0-0: Swinging Strike 0-1: Swinging Strike 0-2: Ball 1-2: Ball 2-2: Foul Ball, location: 2F 2-2: Foul Ball, location: 2F 2-2: Strikes out swinging
|
Batting: RHB J.R. Roberts
|
0-0: Ground out 6-3 (Groundball, 56, EV 84.4 MPH)
|
Top of the 5th over - 0 runs, 0 hits, 0 errors, 0 left on base; Tri-City 1 - Idaho Falls 3 |
BOTTOM OF THE 5TH |
Idaho Falls Chukars batting - Pitching for Tri-City ValleyCats : RHP Mario del Rio
|
Batting: SHB Danny Ballenger
|
0-0: Called Strike 0-1: Ball 1-1: Foul Ball, location: 2F 1-2: Fly out, F8 (Flyball, 8RXD, EV 90.6 MPH)
|
Batting: RHB Adam Krieger
|
0-0: Ball 1-0: Swinging Strike 1-1: Fly out, F8 (Flyball, 8RD, EV 103.1 MPH)
|
Pitching: RHP Michiyo Takayama
|
|
Batting: RHB Brett Steele
|
0-0: Swinging Strike 0-1: Ball 1-1: Ball 2-1: Foul Ball, location: 2F 2-2: Foul Ball, location: 2F 2-2: Ground out 5-3 (Groundball, 56, EV 102.5 MPH)
|
Bottom of the 5th over - 0 runs, 0 hits, 0 errors, 0 left on base; Tri-City 1 - Idaho Falls 3 |
TOP OF THE 6TH |
Tri-City ValleyCats batting - Pitching for Idaho Falls Chukars : RHP Kolenka Leschenya
|
Batting: RHB To-wai Chen
|
0-0: Foul Ball, location: 2F 0-1: Swinging Strike 0-2: Foul Ball, location: 2F 0-2: Ball 1-2: Ball 2-2: Foul Ball, location: 2F 2-2: Strikes out swinging
|
Batting: RHB Xavier Castaneda
|
0-0: Ball 1-0: Ball 2-0: Ball 3-0: Base on Balls
|
Batting: RHB Drew Coleman
|
0-0: Ball 1-0: Ball 2-0: SINGLE (Groundball, 34D, EV 99.4 MPH) Xavier Castaneda to second Runner from 2nd tries for 3rd, SAFE, throw by RF made to third
|
Batting: LHB Bruce Arvizu
|
0-0: Ball Drew Coleman steals 2nd base 1-0: Foul Ball, location: 2F 1-1: Foul Ball, location: 2F 1-2: Strikes out swinging
|
Batting: SHB Tanner Bernstein
|
0-0: Called Strike 0-1: Ball 1-1: Ball 2-1: Foul Ball, location: 2F 2-2: Strikes out looking
|
Top of the 6th over - 0 runs, 1 hit, 0 errors, 2 left on base; Tri-City 1 - Idaho Falls 3 |
BOTTOM OF THE 6TH |
Idaho Falls Chukars batting - Pitching for Tri-City ValleyCats : RHP Michiyo Takayama
|
Batting: SHB Darius Vinson
|
0-0: Called Strike 0-1: Foul Ball, location: 2F 0-2: Foul Ball, location: 2F 0-2: Ball 1-2: Fly out, F9 (Line Drive, 89M, EV 91.2 MPH)
|
Batting: RHB Chang-keun Baik
|
0-0: Ball 1-0: Foul Ball, location: 2F 1-1: Ball 2-1: Swinging Strike 2-2: Foul Ball, location: 2F 2-2: SINGLE (Groundball, 6, EV 98.8 MPH)
|
Batting: LHB Corey Lewis
|
0-0: Called Strike 0-1: Ball Chang-keun Baik steals 2nd base 1-1: Foul Ball, location: 2F 1-2: Foul Ball, location: 2F 1-2: Foul Ball, location: 2F 1-2: Ball 2-2: SINGLE (Groundball, 34D, EV 98.8 MPH) Chang-keun Baik to third Runner from 3rd tries for Home, SAFE, throw by RF to home
|
Batting: LHB Edgar Ortiz
|
0-0: Ball Corey Lewis steals 2nd base 1-0: DOUBLE (Line Drive, 9LD, EV 104.4 MPH) Corey Lewis scores
|
Batting: RHB Jose Lozano
|
0-0: Ball 1-0: Foul Ball, location: 2F 1-1: Called Strike 1-2: DOUBLE (Line Drive, 5D, EV 94.4 MPH) Edgar Ortiz scores
|
Batting: RHB Nate Mumaw
|
0-0: Called Strike 0-1: Foul Ball, location: 2F 0-2: Ball 1-2: Foul Ball, location: 2F 1-2: SINGLE (Flyball, 7S, EV 90.0 MPH) Jose Lozano to third
|
Batting: SHB Danny Ballenger
|
0-0: Ball 1-0: Foul Ball, location: 2F 1-1: Ball 2-1: Foul Ball, location: 2F 2-2: Foul Ball, location: 2F 2-2: Foul Ball, location: 2F 2-2: Ball 3-2: Base on Balls Nate Mumaw to second
|
Batting: RHB Adam Krieger
|
0-0: Called Strike 0-1: Foul Ball, location: 2F 0-2: Foul Ball, location: 2F 0-2: SINGLE (Groundball, 56D, EV 95.6 MPH) Jose Lozano scores Nate Mumaw to third Danny Ballenger to second
|
Batting: RHB Brett Steele
|
0-0: Ball 1-0: Called Strike 1-1: Fielders Choice at 2nd, 4-6 (Groundball, 4, EV 85.6 MPH) Nate Mumaw scores Danny Ballenger to third
|
Batting: SHB Darius Vinson
|
0-0: Called Strike 0-1: Ball 1-1: Swinging Strike 1-2: Strikes out looking
|
Bottom of the 6th over - 5 runs, 6 hits, 0 errors, 2 left on base; Tri-City 1 - Idaho Falls 8 |
TOP OF THE 7TH |
Tri-City ValleyCats batting - Pitching for Idaho Falls Chukars : RHP Kolenka Leschenya
|
Batting: RHB Steve Moore
|
0-0: Ball 1-0: Foul Ball, location: 2F 1-1: Ball 2-1: Ball 3-1: Foul Ball, location: 2F 3-2: Base on Balls
|
Pitching: RHP Rich Frontczak
|
|
Batting: LHB Mark Dearth
|
0-0: Called Strike 0-1: Ball Steve Moore steals 2nd base (no throw) 1-1: Ball 2-1: Called Strike 2-2: Ball 3-2: Strikes out swinging
|
Batting: RHB Nate Britton
|
0-0: Called Strike 0-1: Fly out, F8 (Flyball, 8LS, EV 87.5 MPH)
|
Batting: RHB J.R. Roberts
|
0-0: Foul Ball, location: 2F 0-1: Ball 1-1: Ball 2-1: Foul Ball, location: 2F 2-2: Ball 3-2: Base on Balls
|
Batting: RHB To-wai Chen
|
0-0: Called Strike 0-1: Called Strike 0-2: Strikes out swinging
|
Top of the 7th over - 0 runs, 0 hits, 0 errors, 2 left on base; Tri-City 1 - Idaho Falls 8 |
BOTTOM OF THE 7TH |
Idaho Falls Chukars batting - Pitching for Tri-City ValleyCats : RHP Michiyo Takayama
|
Pinch Hitting: RHB Rob Colley
|
0-0: Called Strike 0-1: SINGLE (Groundball, 6D, EV 102.5 MPH)
|
Pinch Hitting: RHB Jake Mitchell
|
0-0: Ball 1-0: Ball 2-0: Ball 3-0: Base on Balls Rob Colley to second
|
Pinch Hitting: RHB Rogelio Losano
|
0-0: Ball 1-0: Ball 2-0: Ball Wild Pitch! Rob Colley to third Jake Mitchell to second 3-0: Base on Balls
|
Pitching: RHP Robin Yelland
|
|
Batting: RHB Jose Lozano
|
0-0: Grounds into double play, 5-4-3 (Groundball, 56, EV 104.4 MPH) Rob Colley scores Jake Mitchell to third
|
Pinch Hitting: RHB Ricky Lule
|
0-0: SINGLE (Flyball, 3D, EV 87.5 MPH) Jake Mitchell scores
|
Batting: SHB Danny Ballenger
|
0-0: Ball 1-0: Swinging Strike 1-1: Reached on error, E2 (Groundball, 15S, EV 66.9 MPH) Ricky Lule to third
|
Pinch Hitting: LHB William Warren
|
0-0: Swinging Strike 0-1: Ball 1-1: Fly out, F8 (Flyball, 8LD, EV 103.1 MPH)
|
Bottom of the 7th over - 2 runs, 2 hits, 1 error, 2 left on base; Tri-City 1 - Idaho Falls 10 |
TOP OF THE 8TH |
Tri-City ValleyCats batting - Pitching for Idaho Falls Chukars : RHP Rich Frontczak
|
Now at 1B: Dusty Newman
|
|
Now at 2B: Brett Steele
|
|
Now at 3B: Ricky Lule
|
|
Now at SS: Rogelio Losano
|
|
Now in LF: William Warren
|
|
Now in RF: Jake Mitchell
|
|
Batting: RHB Xavier Castaneda
|
0-0: Swinging Strike 0-1: Ball 1-1: Swinging Strike 1-2: Strikes out looking
|
Batting: RHB Drew Coleman
|
0-0: Foul Ball, location: 2F 0-1: Ball 1-1: Called Strike 1-2: Strikes out swinging
|
Batting: LHB Bruce Arvizu
|
0-0: Called Strike 0-1: Swinging Strike 0-2: Ball 1-2: Ground out U3 (Groundball, 3L, EV 86.2 MPH)
|
Top of the 8th over - 0 runs, 0 hits, 0 errors, 0 left on base; Tri-City 1 - Idaho Falls 10 |
BOTTOM OF THE 8TH |
Idaho Falls Chukars batting - Pitching for Tri-City ValleyCats : RHP Robin Yelland
|
Pinch Hitting: RHB Carlos Munos
|
0-0: Ball 1-0: Foul Ball, location: 2F 1-1: Ball 2-1: Foul Ball, location: 2F 2-2: Ground out 4-3 (Groundball, 4, EV 82.5 MPH)
|
Batting: SHB Darius Vinson
|
0-0: Ball 1-0: Called Strike 1-1: Foul Ball, location: 2F 1-2: Foul Ball, location: 2F 1-2: Ball 2-2: Ball 3-2: Strikes out swinging
|
Pinch Hitting: RHB Tommy McDonald
|
0-0: Swinging Strike 0-1: Ball 1-1: Swinging Strike 1-2: Strikes out looking
|
Bottom of the 8th over - 0 runs, 0 hits, 0 errors, 0 left on base; Tri-City 1 - Idaho Falls 10 |
TOP OF THE 9TH |
Tri-City ValleyCats batting - Pitching for Idaho Falls Chukars : RHP Rich Frontczak
|
Now at 1B: Tommy McDonald
|
|
Now at 2B: Carlos Munos
|
|
Batting: SHB Tanner Bernstein
|
0-0: Called Strike 0-1: Foul Ball, location: 2F 0-2: Strikes out looking
|
Batting: RHB Steve Moore
|
0-0: Foul Ball, location: 2F 0-1: Ball 1-1: Ball 2-1: Fly out, F8 (Flyball, 8RD, EV 79.4 MPH)
|
Batting: LHB Mark Dearth
|
0-0: Foul Ball, location: 2F 0-1: Ground out 4-3 (Groundball, 4, EV 88.1 MPH)
|
Top of the 9th over - 0 runs, 0 hits, 0 errors, 0 left on base; Tri-City 1 - Idaho Falls 10 |
|